 Dungeon Crawl Stone Soup version 0.30.1-11-g7821555f0a (webtiles) character file.

Game seed: 9874732969877806408

5203 lonewolfV2 the Eye of the Storm (level 10, -1/76 HPs)
             Began as a Demonspawn Fighter on Nov 1, 2023.
             Was a Priest of Qazlal.
             Slain by a sixfirhy (2 damage)
             ... summoned by a kobold demonologist
             ... on level 9 of the Dungeon.
             The game lasted 00:15:02 (9751 turns).

lonewolfV2 the Eye of the Storm (DsFi)              Turns: 9751, Time: 00:15:03

Health: -1/76      AC: 17    Str: 20    XL:     10   Next: 35%
Magic:  14/14      EV: 10    Int:  9    God:    Qazlal [***...]
Gold:   1552       SH: 13    Dex: 14    Spells: 9/9 levels left

rFire   . . .        a - +4 war axe
rCold   + . .        c - +1 buckler
rNeg    + . .        e - +0 chain mail
rPois   +            (helmet unavailable)
rElec   .            (no cloak)
rCorr   +            C - +0 pair of gloves of the Desert {Drain rPois rC+ rN+ rCorr}
SInv    .            (no boots)
Will    .....        (no amulet) Stlth
                     f - +4 ring of protection
HPRegen 0.32/turn    (no ring)
MPRegen 0.14/turn

%: no passive effects
@: no status effects
A: hooves 1, horns 3, icemail 1, powered by pain 1, condensation shield,
iridescent scales 1, large bone plates 1, low MP 1
a: Renounce Religion, Upheaval, Elemental Force


You were on level 9 of the Dungeon.
You worshipped Qazlal.
Qazlal was most pleased with you.
You visited 2 branches of the dungeon, and saw 10 of its levels.
You also visited: Sewer and Ossuary.

You collected 1604 gold pieces.
You spent 52 gold pieces at shops.

Inventory:

Hand Weapons
 a - a +4 war axe (weapon)
Missiles
 k - 4 boomerangs (quivered)
Armour
 c - a +1 buckler (worn)
 e - a +0 chain mail (worn)
 s - a +2 pair of gloves
 C - the +0 pair of gloves of the Desert (worn) {Drain rPois rC+ rN+ rCorr}
   (You found it on level 9 of the Dungeon)

   rC:        It protects you from cold.
   rPois:     It protects you from poison.
   rN:        It protects you from negative energy.
   rCorr:     It protects you from acid and corrosion.
   Drain:     It drains your maximum health when unequipped.
Jewellery
 f - a +4 ring of protection (left hand)
 h - a ring of ice
 o - a ring of wizardry
 t - a ring of willpower
Wands
 d - a wand of flame (24)
 w - a wand of iceblast (13)
 y - a wand of digging (3)
 B - a wand of paralysis (4)
Scrolls
 b - a scroll of fear
 l - 2 scrolls of magic mapping
 r - a scroll of poison
 v - 2 scrolls of teleportation
 x - 3 scrolls of fog
Potions
 g - 3 potions of invisibility
 i - 6 potions of flight
 j - 3 potions of curing
 m - 2 potions of cancellation
 n - a potion of haste
 p - 4 potions of attraction
 q - a potion of lignification {unknown}
 u - 2 potions of berserk rage
 z - 2 potions of resistance
 A - 2 potions of degeneration
 D - a potion of magic {unknown}


   Skills:
 - Level 6.3 Fighting
 - Level 7.4 Axes
 + Level 6.6 Armour
 + Level 6.9 Dodging
 - Level 2.6 Shields
 + Level 8.3 Invocations


You had 9 spell levels left.
You didn't know any spells.
Your spell library contained the following spells:

 Spells                   Type           Power      Damage    Failure   Level
 Apportation              Tloc           0%         N/A       97%         1
 Necrotise                Necr           0%         1d4       97%         1
 Summon Small Mammal      Summ           0%         N/A       97%         1
 Ensorcelled Hibernation  Hex/Ice        0%         N/A       99%         2
 Frozen Ramparts          Ice            0%         1d1       100%        3
 Gell's Gravitas          Tloc           0%         N/A       100%        3
 Inner Flame              Hex/Fire       0%         N/A       100%        3
 Ozocubu's Armour         Ice            0%         N/A       100%        3
 Spider Form              Tmut/Pois      0%         N/A       100%        3
 Teleport Other           Tloc           0%         N/A       100%        3
 Vhi's Electric Charge    Tloc/Air       0%         N/A       100%        3
 Anguish                  Hex/Necr       0%         N/A       100%        4
 Ice Form                 Ice/Tmut       0%         N/A       100%        4
 Summon Ice Beast         Ice/Summ       0%         N/A       100%        4
 Arcjolt                  Conj/Air       0%         1d10      100%        5
 Metabolic Englaciation   Hex/Ice        0%         N/A       100%        5
 Yara's Violent Unravell  Hex/Tmut       0%         3d3       100%        5
 Dispersal                Tloc           0%         N/A       100%        6
 Plasma Beam              Fire/Air       0%         2x1d11    100%        6
 Simulacrum               Ice/Necr       0%         N/A       100%        6
 Enfeeble                 Hex            0%         N/A       100%        7


Dungeon Overview and Level Annotations

Branches:
Dungeon (9/15)             Temple (1/1) D:5           Sewer (visited)
Ossuary (visited)
   Lair: D:8-11         Orc: D:9-12

Altars:
Cheibriados
Dithmenos
Fedhas
Gozag
Hepliaklqana
Kikubaaqudgha
Makhleb
Nemelex Xobeh
Qazlal
Sif Muna
Trog
Uskayaw
Wu Jian
Yredelemnul

Shops:
D:7 ?


Innate Abilities, Weirdness & Mutations

You have large cloven feet.
You have a pair of large horns on your head.
A meltable icy envelope protects you from harm. (AC +0)
You sometimes gain a little power by taking damage.
A meltable shield of frost defends you. (SH +0)
You are partially covered in iridescent scales. (AC +2)
You are partially covered in large bone plates. (SH +4)
Your magical capacity is low. (-10% MP)


Message History

The smoke demon gestures at you. You block the sticky flame.
You barely miss the smoke demon. Your kick misses the smoke demon.
The smoke demon is severely wounded.
The kobold demonologist casts a spell.
You block the smoke demon's attack.
The smoke demon hits you but does no damage.
You block the smoke demon's attack.
You slash the smoke demon!
You kill the smoke demon!
The smoke demon disappears in a puff of smoke!
The kobold demonologist casts a spell.
The iron imp disappears in a puff of smoke!
You slash the ufetubus!
You kill the ufetubus!
The ufetubus disappears in a puff of smoke!
You hit the chaos spawn. You headbutt the chaos spawn!
The chaos spawn is moderately wounded.
The chaos spawn gores you but does no damage.
The kobold demonologist casts a cantrip, but nothing happens.
You barely miss the chaos spawn. You headbutt the chaos spawn.
The chaos spawn is heavily wounded.
You block the chaos spawn's attack.
The kobold demonologist casts a spell.
You hit the chaos spawn. Your headbutt misses the chaos spawn.
The chaos spawn is severely wounded.
You miss the sixfirhy. The sixfirhy hits you. The sixfirhy shocks you!
* * * LOW HITPOINT WARNING * * *
The chaos spawn gores you.
* * * LOW HITPOINT WARNING * * *
The chaos spawn sears you!
* * * LOW HITPOINT WARNING * * *
The kobold demonologist begins to cast a cantrip, but forgets the words!
The chaos spawn barely misses you. You block the sixfirhy's attack.
You closely miss the chaos spawn. Your kick misses the chaos spawn.
You headbutt the chaos spawn, but do no damage.
The chaos spawn is severely wounded.
You slash the sixfirhy! The sixfirhy completely misses you.
You block the sixfirhy's attack. x2; The sixfirhy hits you.
You die...

####### ###########
#.....#
#.........###.###.#
#......)..#...# #.#
##.....))..#.#####.#
.......)....4KK4@#.##
##.........#5K##3#..#
#.........#K.##.##.#
#.........#.K##....#
#.........#3K#######
#.........#KK#
##.##...###KK# #
#..#.### #KK# . #. #
#K.#


You could see 2 kobold demonologists, a sixfirhy (summoned), 2 chaos spawn, a
kobold brigand and a shadow imp (summoned).

Vanquished Creatures
  Pikel (D:4)
  Joseph (D:7)
  A troll (D:9)
  5 yaks (D:8)
  A steam dragon (D:7)
  A wyvern (D:9)
  Duvessa (D:4)
  2 water moccasins (D:7)
  2 orc warriors
  A black bear (D:7)
  2 sky beasts (D:7)
  2 centaurs (D:8)
  A phantom (D:5)
  A kobold brigand (D:9)
  3 elf zombies (Ossuary)
  A lemure (D:4)
  Blork the orc (D:4)
  A gnoll sergeant (D:8)
  4 bullfrogs
  A scorpion (D:7)
  4 wights (D:7)
  Dowan (D:4)
  A howler monkey (D:6)
  A gnoll bouda (D:5)
  5 hounds
  7 orc priests
  Crazy Yiuf (D:2)
  A centaur zombie (Ossuary)
  A human zombie (Ossuary)
  6 iguanas
  3 orc wizards
  Natasha (twice) (D:2)
  2 mummies (Ossuary)
  12 adders
  9 gnolls
  6 river rats
  2 white imps (D:8)
  A worm (D:2)
  A dart slug (D:1)
  16 orcs
  5 endoplasms
  3 giant cockroaches (D:3)
  5 goblins
  5 hobgoblins
  8 jackals
  6 quokkas
  23 ball pythons
  4 bats
  10 frilled lizards
  3 goblin zombies (Ossuary)
  6 hobgoblin zombies (Ossuary)
  2 jackal zombies (Ossuary)
  10 kobolds
  11 kobold zombies (Ossuary)
  10 orc zombies (Ossuary)
  26 rats
252 creatures vanquished.

Notes
Turn   | Place    | Note
-------+----------+-------------------------------------------
     0 | D:1      | lonewolfV2 the Demonspawn Fighter began the quest for the
                  | Orb.
     0 | D:1      | Reached XP level 1. HP: 18/18 MP: 1/1
   288 | D:1      | Gained mutation: A meltable shield of frost defends you.
                  | (SH +0) [demonic ancestry]
   288 | D:1      | Reached XP level 2. HP: 20/24 MP: 2/2
   767 | D:2      | Reached XP level 3. HP: 29/29 MP: 3/3
  1045 | D:2      | Noticed Natasha
  1049 | D:2      | Killed Natasha
  1171 | D:2      | Noticed Natasha
  1175 | D:2      | Killed Natasha
  1176 | D:2      | Gained mutation: You sometimes gain a little power by
                  | taking damage. [demonic ancestry]
  1176 | D:2      | Reached XP level 4. HP: 37/37 MP: 4/4
  1271 | D:2      | Found a runed translucent door.
  1272 | D:2      | Noticed Crazy Yiuf
  1735 | D:2      | Killed Crazy Yiuf
  1903 | D:3      | Found a glowing drain.
  1913 | D:3      | Gained mutation: A meltable icy envelope protects you from
                  | harm. (AC +0) [demonic ancestry]
  1913 | D:3      | Reached XP level 5. HP: 39/42 MP: 5/5
  1950 | Sewer    | Entered a sewer
  2336 | Sewer    | Reached XP level 6. HP: 14/49 MP: 6/6
  2339 | Sewer    | Reached skill level 5 in Axes
  2433 | D:3      | Gained mutation: You passively dampen the noise of your
                  | surroundings. [potion of mutation]
  2433 | D:3      | Gained mutation: You do not regenerate when monsters are
                  | visible. [potion of mutation]
  2433 | D:3      | Gained mutation: You have a pair of small horns on your
                  | head. [potion of mutation]
  2433 | D:3      | Gained mutation: Your system is resistant to poisons.
                  | (rPois) [potion of mutation]
  2434 | D:3      | Lost mutation: You passively dampen the noise of your
                  | surroundings. [potion of mutation]
  2434 | D:3      | Lost mutation: Your system is resistant to poisons. (rPois)
                  | [potion of mutation]
  2434 | D:3      | Gained mutation: You are agile. (Dex +4, Str/Int -1)
                  | [potion of mutation]
  2434 | D:3      | Gained mutation: You possess an exceptional clarity of
                  | mind. [potion of mutation]
  3045 | D:3      | Reached skill level 5 in Fighting
  3414 | D:4      | Noticed Dowan
  3415 | D:4      | Noticed Duvessa
  3426 | D:4      | Killed Duvessa
  3427 | D:4      | Discovered your monstrous ancestry.
  3427 | D:4      | Mutation became permanent: You have a pair of small horns
                  | on your head. [demonic ancestry]
  3427 | D:4      | Gained mutation: You have a pair of small horns on your
                  | head. [demonic ancestry]
  3427 | D:4      | Reached XP level 7. HP: 33/56 MP: 7/7
  3428 | D:4      | Killed Dowan
  3722 | D:4      | Noticed Blork the orc
  3730 | D:4      | Killed Blork the orc
  3837 | D:4      | Noticed Pikel
  3856 | D:4      | Killed Pikel
  3857 | D:4      | Gained mutation: You have a pair of horns on your head.
                  | [demonic ancestry]
  3857 | D:4      | Reached XP level 8. HP: 21/64 MP: 8/8
  4345 | D:5      | Entered Level 5 of the Dungeon
  4461 | D:5      | Reached skill level 1 in Dodging
  4613 | D:5      | Found a staircase to the Ecumenical Temple.
  4652 | Temple   | Entered the Ecumenical Temple
  4714 | Temple   | Became a worshipper of Qazlal Stormbringer
  4804 | D:5      | Reached skill level 1 in Invocations
  5102 | D:5      | Found a hide-covered altar of Uskayaw.
  5190 | D:6      | Reached skill level 2 in Invocations
  5921 | D:7      | Found a sand-covered staircase.
  5961 | D:7      | Reached skill level 3 in Invocations
  6011 | Ossuary  | Entered an ossuary
  6038 | Ossuary  | Reached * piety under Qazlal
  6178 | Ossuary  | Gained mutation: You have a pair of large horns on your
                  | head. [demonic ancestry]
  6178 | Ossuary  | Reached XP level 9. HP: 66/69 MP: 11/11
  6234 | Ossuary  | Reached ** piety under Qazlal
  6300 | D:7      | Reached skill level 4 in Invocations
  6711 | D:7      | Reached skill level 5 in Dodging
  6848 | D:7      | Reached skill level 5 in Invocations
  7180 | D:7      | Noticed Joseph
  7196 | D:7      | Killed Joseph
  7197 | D:7      | Reached skill level 5 in Armour
  7197 | D:7      | Reached skill level 6 in Invocations
  7657 | D:7      | Found Ranomnun's Magic Scroll Boutique.
  7746 | D:7      | Bought a scroll of identify for 26 gold pieces
  7746 | D:7      | Bought a scroll of identify for 26 gold pieces
  8082 | D:7      | Identified a scroll of acquirement
  8082 | D:7      | Acquired 1028 gold pieces
  8123 | D:8      | Reached skill level 7 in Invocations
  8129 | D:8      | Gained mutation: You have large cloven feet. [demonic
                  | ancestry]
  8129 | D:8      | Reached XP level 10. HP: 74/76 MP: 15/15
  9170 | D:8      | Lost mutation: You possess an exceptional clarity of mind.
                  | [potion of mutation]
  9170 | D:8      | Lost mutation: You are agile. (Dex +4, Str/Int -1) [potion
                  | of mutation]
  9170 | D:8      | Lost mutation: You do not regenerate when monsters are
                  | visible. [potion of mutation]
  9170 | D:8      | Gained mutation: Your magical capacity is low. (-10% MP)
                  | [potion of mutation]
  9170 | D:8      | Gained mutation: You are partially covered in large bone
                  | plates. (SH +4) [potion of mutation]
  9170 | D:8      | Gained mutation: You are partially covered in iridescent
                  | scales. (AC +2) [potion of mutation]
  9391 | D:9      | Reached skill level 8 in Invocations
  9589 | D:9      | Identified the +0 pair of gloves of the Desert {Drain rPois
                  | rC+ rN+ rCorr}
  9680 | D:9      | Reached *** piety under Qazlal
  9731 | D:9      | Noticed a smoke demon
  9750 | D:9      | Noticed a sixfirhy
  9750 | D:9      | HP: 1/76 [chaos spawn[a kobold demonologist] (14)]
  9751 | D:9      | Slain by a sixfirhy

Illustrated notes

Levels and vault maps discovered:
D:1:      lemuel_arrival_funnel, layout_rooms, minmay_cut_off
D:2:      layout_basic, corexii_leaking_fountain, uniq_crazy_yiuf_cottage,
          uniq_natasha
D:3:      layout_basic, portal_sewer_entry_a, chequers_serial_rivers_micro_b
D:4:      layout_loops_ring, uniq_blork_the_orc, uniq_duvessa, uniq_pikel
D:5:      layout_basic, kennysheep_mini, minmay_temple_entry_trees
D:6:      layout_basic, kennysheep_flooded_box
D:7:      layout_loops_ring, serial_shops, nicolae_stop_n_shop_1,
          nicolae_ossuary_entry_false_entrances, serial_co_window_serial,
          co_window_of_opportunity_a, co_window_paths_b, co_window_corner_a,
          co_window_of_opportunity_a, co_window_paths_a, co_window_paths_b,
          co_window_of_opportunity_a, co_window_corner_a, co_window_cross_1,
          co_window_broadway_b, co_window_broadway_a, co_window_corner_ca,
          co_window_corner_b, co_window_corner_b, co_window_paths_d,
          glass_columns_b, glass_columns_a, glass_columns_c, glass_columns_b,
          serial_park_tiny_1, grunt_ministairs_14, uniq_joseph
D:8:      layout_loops_corners, st_stairs_8, david_defended_altar_orc
D:9:      layout_basic
Temple:   nicolae_temple_slightly_damp_pantheon

Skill      XL: |  1  2  3  4  5  6  7  8  9 10 |
---------------+-------------------------------+-----
Axes           | 2 3 4 5 7 |  7.4
Fighting       | 4 5 6 |  6.3
Dodging        | 4 6 |  6.9
Armour         | 4 6 |  6.6
Invocations    | 3 7 8 |  8.3
Shields        | |  2.6

Action                     |  1- 3 |  4- 6 |  7- 9 | 10-12 || total
---------------------------+-------+-------+-------+-------++-------
  Melee: War axe           |    68 |   166 |   295 |   106 ||   635
         Headbutt          |       |     8 |    60 |    26 ||    94
         Kick              |       |       |       |    38 ||    38
    Use: Scroll            |     6 |    10 |    11 |     3 ||    30
         Potion            |       |     4 |     5 |     1 ||    10
 Armour: Chain mail        |    34 |   140 |   133 |    60 ||   367
         Scale mail        |     1 |       |       |       ||     1
  Dodge: Dodged            |    28 |    80 |    77 |    49 ||   234
  Block: Buckler           |    20 |   139 |   165 |   120 ||   444
